Coyotes vs Rangers
(R1)
Created - May 28, 2020 at 20:49
Goals
|
| Coyotes |
2 |
1 |
1 |
4 |
| Rangers |
2 |
1 |
0 |
3 |
|
Shots
|
| Coyotes |
8 |
9 |
13 |
30 |
| Rangers |
10 |
8 |
4 |
22 |
|
1st period
1. Coyotes , Kristopher Letang 2 (Tyler Ennis 6, Nazem Kadri 9) at 4:34 (PP)
2. Rangers , James Neal 6 (Matt Greene 1, Matt Read 1) at 11:20
3. Coyotes , Chris Stewart 1 (Anton Stralman 3, Michael Del Zotto 4) at 13:46
4. Rangers , Maxime Sauvé 2 (Mark Fistric 2) at 13:54
Penalties :
Chris Bourque (NYR) for Holding (Minor) at 4:02, Evgeny Artyukhin (Ari) for Holding (Minor) at 6:48, Anton Stralman (Ari) for High sticking (Minor) at 11:39, Zach Parise (Ari) for Slashing (Minor) at 14:35
2nd period
5. Coyotes , Brad Richards 7 (Michael Del Zotto 5, Zach Parise 7) at 1:08
6. Rangers , Sean Couturier 5 (Cam Barker 5, Luke Schenn 8) at 15:19
Penalties :
Marian Gaborik (Ari) for High sticking (Minor) at 15:40, Steve Quailer (NYR) for Boarding (Minor) at 17:58, Matt Greene (NYR) for Holding (Minor) at 18:48
3rd period
7. Coyotes , Jamie Arniel 2 (Evgeny Artyukhin 4, Martin Samuelsson 2) at 10:35
Penalties :
Nazem Kadri (Ari) for Roughing (Minor) at 0:03, Marian Gaborik (Ari) for Holding (Minor) at 1:38, Steve Quailer (NYR) for Interference (Minor) at 3:59, Tomas Hertl (NYR) for High sticking (Minor) at 7:22, Marian Gaborik (Ari) for Tripping (Minor) at 11:33, Patrice Bergeron (NYR) for Cross-checking (Minor) at 15:56, Milan Lucic (NYR) for Hooking (Minor) at 18:31
Goalie Stats
Maxime Daigneault (Ari), 19 saves from 22 shots - (0.864), W, 6-1-1, 60:00 minutes
Frederik Andersen (NYR), 26 saves from 30 shots - (0.867), L, 5-6-0, 60:00 minutes
Players Stats for Coyotes
Player Name G A P +/- PIM S H SB GA TA FO MP PP MP PK MP
------------------------------------------------------------------------------------
Andrew MacDonald 0 0 0 1 0 0 0 0 0 0 0/0 5:22 0:00 0:18
Anton Stralman 0 1 1 0 2 2 0 1 1 0 0/0 28:14 6:14 5:53
Brad Richards 1 0 1 1 0 3 0 0 1 0 6/10 17:06 3:46 1:43
Chris Stewart 1 0 1 1 0 2 0 0 0 0 1/1 15:35 3:55 0:00
Evgeny Artyukhin 0 1 1 0 2 0 0 0 0 0 0/0 14:29 0:00 3:42
Jamie Arniel 1 0 1 0 0 4 1 0 0 1 3/6 11:46 0:28 0:00
Josh Gorges 0 0 0 -1 0 0 0 0 0 0 0/0 19:12 3:48 5:40
Kristopher Letang 1 0 1 0 0 3 1 1 0 1 0/0 29:25 6:14 7:05
Marian Gaborik 0 0 0 -1 6 4 3 0 2 0 0/2 24:03 6:04 3:16
Martin Samuelsson 0 1 1 0 0 0 1 2 0 1 0/0 14:37 0:03 3:46
Matt Donovan 0 0 0 0 0 0 0 1 0 0 0/0 6:19 0:00 0:00
Michael Del Zotto 0 2 2 -1 0 2 0 2 0 0 0/0 19:12 3:48 5:40
Mike Weber 0 0 0 1 0 0 0 2 0 0 0/0 5:04 0:00 0:00
Nazem Kadri 0 1 1 -1 2 2 1 0 0 0 12/29 19:59 6:03 2:43
Ramzi Abid 0 0 0 0 0 1 0 0 0 0 0/0 3:13 0:00 0:27
Thomas Hickey 0 0 0 0 0 0 1 0 0 0 0/0 7:13 0:00 0:54
Tyler Ennis 0 1 1 -1 0 5 1 0 1 1 10/16 26:57 5:51 6:53
Zach Parise 0 1 1 1 2 2 0 0 0 0 0/1 18:14 3:55 2:35
Players Stats for Rangers
Player Name G A P +/- PIM S H SB GA TA FO MP PP MP PK MP
------------------------------------------------------------------------------------
Cam Barker 0 1 1 -1 0 1 0 2 0 1 0/0 29:47 7:12 5:42
Chris Bourque 0 0 0 -1 2 0 1 0 0 0 0/0 9:41 0:13 1:50
Colten Teubert 0 0 0 0 0 0 0 0 0 0 0/0 9:46 0:00 0:00
Jakob Silfverberg 0 0 0 -1 0 1 1 0 1 1 0/0 19:22 6:50 1:10
James Neal 1 0 1 1 0 1 3 0 0 0 0/0 15:22 5:06 0:00
Kyle Okposo 0 0 0 0 0 0 3 0 0 0 2/5 13:48 5:06 1:10
Luke Schenn 0 1 1 -1 0 1 0 2 2 0 0/0 29:47 7:12 5:42
Magnus Paajarvi-Svensson 0 0 0 1 0 1 1 0 0 0 0/0 7:41 0:00 0:29
Mark Fistric 0 1 1 1 0 1 0 0 0 0 0/0 13:47 0:00 4:20
Matt Greene 0 1 1 1 2 0 1 1 0 2 0/0 20:50 6:21 3:55
Matt Read 0 1 1 -1 0 1 1 0 0 0 0/1 8:00 0:13 0:00
Maxime Sauvé 1 0 1 1 0 1 0 1 0 0 2/4 7:12 0:00 0:00
Milan Lucic 0 0 0 -1 2 6 5 0 0 1 5/11 24:36 7:26 5:05
Patrice Bergeron 0 0 0 -1 2 3 4 0 1 0 15/27 24:38 7:26 5:07
Patrik Nemeth 0 0 0 0 0 2 0 1 0 0 0/0 10:10 0:00 0:24
Sean Couturier 1 0 1 1 0 2 1 1 0 0 5/12 17:01 5:06 1:39
Steve Quailer 0 0 0 0 4 1 0 1 0 0 4/4 9:35 0:01 2:12
Tomas Hertl 0 0 0 1 2 0 0 2 0 0 0/1 16:55 5:33 0:13
3 Stars
1 - James Neal (NYR)
2 - Chris Stewart (Ari)
3 - Brad Richards (Ari)
Power Play
Coyotes - 1 on 7 Attempt(s) - 14.29%
Rangers - 0 on 7 Attempt(s) - 0.00%
Penalty Kill
Coyotes - 7 on 7 Attempt(s) - 100.00%
- Score 0 goal in Penalty Kill
Rangers - 6 on 7 Attempt(s) - 85.71%
- Score 0 goal in Penalty Kill
Team Stat
Coyotes - Hits : 9 - Faceoff Wins : 32 - Blocked Shots : 9 - Penalty Minutes : 14
Rangers - Hits : 21 - Faceoff Wins : 33 - Blocked Shots : 11 - Penalty Minutes : 14
Official
Referees : Unknown
Linesman : Unknown
Game Notes
No Game Note
Finance
Level 1 -- Attendance: 6000 (100.00%) -- Ticket Income $570,000
Level 2 -- Attendance: 5000 (100.00%) -- Ticket Income $300,000
Level 3 -- Attendance: 2000 (100.00%) -- Ticket Income $70,000
Level 4 -- Attendance: 4000 (100.00%) -- Ticket Income $100,000
Luxury Box -- Attendance: 1000 (100.00%) -- Ticket Income $180,000
Game was played at the Madison Square Garden.
Total Attendance: 18000 (100.00%)
Total Ticket Income: $1,220,000
Other Income: $183,000
Total Income: $1,403,000
Coyotes
5 vs 5 Forward
Center Left Wing Right Wing Time % Phy DF OF
1 Nazem Kadri Tyler Ennis Marian Gaborik 40 1 2 2
2 Brad Richards Zach Parise Chris Stewart 30 1 2 2
3 Jamie Arniel Martin Samuelsson Evgeny Artyukhin 20 1 2 2
4 Tyler Ennis Ramzi Abid Marian Gaborik 10 1 2 2
5 vs 5 Defense
Defense Defense Time % Phy DF OF
1 Kristopher Letang Anton Stralman 40 1 2 2
2 Josh Gorges Michael Del Zotto 30 1 2 2
3 Matt Donovan Thomas Hickey 20 1 2 2
4 Andrew MacDonald Mike Weber 10 1 2 2
PowerPlay Forward
Center Left Wing Right Wing Time % Phy DF OF
1 Nazem Kadri Tyler Ennis Marian Gaborik 60 1 2 2
2 Brad Richards Zach Parise Chris Stewart 40 1 2 2
PowerPlay Defense
Defense Defense Time % Phy DF OF
1 Kristopher Letang Anton Stralman 60 1 2 2
2 Josh Gorges Michael Del Zotto 40 1 2 2
Penalty Kill 4 Players Forward
Center Wing Time % Phy DF OF
1 Tyler Ennis Marian Gaborik 60 1 2 2
2 Zach Parise Nazem Kadri 40 1 2 2
Penalty Kill 4 Players Defense
Defense Defense Time % Phy DF OF
1 Kristopher Letang Anton Stralman 60 1 2 2
2 Josh Gorges Michael Del Zotto 40 1 2 2
Penalty Kill - 3 Players Forward
Forward Time % Phy DF OF
1 Tyler Ennis 60 1 2 2
2 Marian Gaborik 40 1 2 2
Penalty Kill - 3 Players Defense
Defense Defense Time % Phy DF OF
1 Kristopher Letang Anton Stralman 60 1 2 2
2 Josh Gorges Michael Del Zotto 40 1 2 2
4 vs 4 Forward
Center Wing Time % Phy DF OF
1 Tyler Ennis Marian Gaborik 60 1 2 2
2 Zach Parise Nazem Kadri 40 1 2 2
4 vs 4 Defense
Defense Defense Time % Phy DF OF
1 Kristopher Letang Anton Stralman 60 1 2 2
2 Josh Gorges Michael Del Zotto 40 1 2 2
Last Minutes Offensive
Center Left Wing Right Wing Defense Defense
Nazem Kadri Tyler Ennis Marian Gaborik Kristopher Letang Anton Stralman
Last Minutes Defensive
Center Left Wing Right Wing Defense Defense
Nazem Kadri Tyler Ennis Marian Gaborik Kristopher Letang Anton Stralman
Goaltenders
Starting : Maxime Daigneault
Backup : Thomas McCollum
Extra Forwards
Normal : Jamie Arniel, Martin Samuelsson, Evgeny Artyukhin - PP : Jamie Arniel, Martin Samuelsson - PK : Evgeny Artyukhin
Extra Defensemen
Normal : Matt Donovan, Thomas Hickey, Andrew MacDonald - PP : Matt Donovan - PK : Thomas Hickey, Andrew MacDonald
Penalty Shots
Tyler Ennis, Marian Gaborik, Zach Parise, Nazem Kadri, Brad Richards
Scratches
Jonathan Ferland (Healthy), Nick Bonino (Healthy)
Rangers
5 vs 5 Forward
Center Left Wing Right Wing Time % Phy DF OF
1 Patrice Bergeron Milan Lucic Jakob Silfverberg 40 1 2 2
2 Sean Couturier James Neal Tomas Hertl 30 1 2 2
3 Kyle Okposo Chris Bourque Matt Read 20 1 2 2
4 Maxime Sauvé Magnus Paajarvi-Svensson Steve Quailer 10 1 2 2
5 vs 5 Defense
Defense Defense Time % Phy DF OF
1 Cam Barker Luke Schenn 40 1 2 2
2 Mark Fistric Matt Greene 30 1 2 2
3 Colten Teubert Patrik Nemeth 20 1 2 2
4 Cam Barker Luke Schenn 10 1 2 2
PowerPlay Forward
Center Left Wing Right Wing Time % Phy DF OF
1 Patrice Bergeron Milan Lucic Jakob Silfverberg 60 1 2 2
2 Sean Couturier James Neal Kyle Okposo 40 1 2 2
PowerPlay Defense
Defense Defense Time % Phy DF OF
1 Cam Barker Luke Schenn 60 1 2 2
2 Tomas Hertl Matt Greene 40 1 2 2
Penalty Kill 4 Players Forward
Center Wing Time % Phy DF OF
1 Milan Lucic Patrice Bergeron 60 1 2 2
2 Jakob Silfverberg Kyle Okposo 40 1 2 2
Penalty Kill 4 Players Defense
Defense Defense Time % Phy DF OF
1 Cam Barker Luke Schenn 60 1 2 2
2 Mark Fistric Matt Greene 40 1 2 2
Penalty Kill - 3 Players Forward
Forward Time % Phy DF OF
1 Milan Lucic 60 1 2 2
2 Patrice Bergeron 40 1 2 2
Penalty Kill - 3 Players Defense
Defense Defense Time % Phy DF OF
1 Cam Barker Luke Schenn 60 1 2 2
2 Mark Fistric Matt Greene 40 1 2 2
4 vs 4 Forward
Center Wing Time % Phy DF OF
1 Milan Lucic Patrice Bergeron 60 1 2 2
2 Jakob Silfverberg Kyle Okposo 40 1 2 2
4 vs 4 Defense
Defense Defense Time % Phy DF OF
1 Cam Barker Luke Schenn 60 1 2 2
2 Mark Fistric Matt Greene 40 1 2 2
Last Minutes Offensive
Center Left Wing Right Wing Defense Defense
Patrice Bergeron Milan Lucic Jakob Silfverberg Cam Barker Luke Schenn
Last Minutes Defensive
Center Left Wing Right Wing Defense Defense
Patrice Bergeron Milan Lucic Jakob Silfverberg Cam Barker Luke Schenn
Goaltenders
Starting : Frederik Andersen
Backup : Mike Condon
Extra Forwards
Normal : Matt Read, Chris Bourque, Steve Quailer - PP : Matt Read, Chris Bourque - PK : Steve Quailer
Extra Defensemen
Normal : Colten Teubert, Patrik Nemeth, Mark Fistric - PP : Colten Teubert - PK : Patrik Nemeth, Mark Fistric
Penalty Shots
Milan Lucic, Patrice Bergeron, Jakob Silfverberg, Kyle Okposo, James Neal
Scratches
Alexei Emelin (Healthy)
% Time on Ice - Coyotes
Lines # - Real PCT - Wanted PCT - Time Play
Normal Forward
1 - 31% - 40% - 11:27
2 - 33% - 30% - 11:54
3 - 29% - 20% - 10:32
4 - 7% - 10% - 2:36
Normal Defense
1 - 42% - 40% - 15:22
2 - 27% - 30% - 9:44
3 - 17% - 20% - 6:19
4 - 14% - 10% - 5:04
PP Forward
1 - 61% - 60% - 6:07
2 - 39% - 40% - 3:55
PP Defense
1 - 62% - 60% - 6:14
2 - 38% - 40% - 3:48
PK Forward
1 - 73% - 60% - 8:59
2 - 27% - 40% - 3:22
PK Defense
1 - 54% - 60% - 6:41
2 - 46% - 40% - 5:40
PK3 Forward
1 - 100% - 60% - 0:24
2 - 0% - 40% - 0:00
PK3 Defense
1 - 100% - 60% - 0:24
2 - 0% - 40% - 0:00
44 Forward
1 - 100% - 60% - 0:44
2 - 0% - 40% - 0:00
44 Defense
1 - 100% - 60% - 0:44
2 - 0% - 40% - 0:00
Last Minute Offensive - 0:00
Last Minute Defensive - 0:00
Total
Forward - 60:00
Defense - 60:00
|
% Time on Ice - Rangers
Lines # - Real PCT - Wanted PCT - Time Play
Normal Forward
1 - 32% - 40% - 11:34
2 - 28% - 30% - 10:16
3 - 20% - 20% - 7:27
4 - 20% - 10% - 7:12
Normal Defense
1 - 40% - 40% - 14:31
2 - 29% - 30% - 10:34
3 - 27% - 20% - 9:46
4 - 4% - 10% - 1:38
PP Forward
1 - 60% - 60% - 7:39
2 - 40% - 40% - 5:06
PP Defense
1 - 56% - 60% - 7:12
2 - 44% - 40% - 5:33
PK Forward
1 - 87% - 60% - 7:43
2 - 13% - 40% - 1:10
PK Defense
1 - 55% - 60% - 4:55
2 - 45% - 40% - 3:58
PK3 Forward
1 - 71% - 60% - 0:49
2 - 29% - 40% - 0:20
PK3 Defense
1 - 68% - 60% - 0:47
2 - 32% - 40% - 0:22
44 Forward
1 - 100% - 60% - 0:44
2 - 0% - 40% - 0:00
44 Defense
1 - 100% - 60% - 0:44
2 - 0% - 40% - 0:00
Last Minute Offensive - 0:00
Last Minute Defensive - 0:00
Total
Forward - 60:00
Defense - 60:00
|
Play-by-Play
1st period
0:01 of 1st period - Patrice Bergeron wins face-off versus Nazem Kadri in neutral zone.
0:36 of 1st period - Wrist shot by Brad Richards.
0:36 of 1st period - Stopped by Frederik Andersen without a rebound.
0:37 of 1st period - Kyle Okposo wins face-off versus Jamie Arniel in Rangers zone.
1:04 of 1st period - Ramzi Abid is hit by Magnus Paajarvi-Svensson and loses puck.
1:39 of 1st period - Wrist shot by Brad Richards.
1:39 of 1st period - Stopped by Frederik Andersen without a rebound.
1:40 of 1st period - Sean Couturier wins face-off versus Nazem Kadri in Rangers zone.
2:55 of 1st period - Slapshot by Luke Schenn.
2:55 of 1st period - Stopped by Maxime Daigneault with a rebound.
2:57 of 1st period - Slapshot by Luke Schenn.
2:57 of 1st period - Shot Blocked by Michael Del Zotto.
3:15 of 1st period - Slapshot by Tomas Hertl.
3:15 of 1st period - Shot Misses the Net.
3:17 of 1st period - Slapshot by Cam Barker.
3:17 of 1st period - Deflect By Jamie Arniel.
3:17 of 1st period - Stopped by Maxime Daigneault without a rebound.
3:18 of 1st period - Nazem Kadri wins face-off versus Patrice Bergeron in Coyotes zone.
3:18 of 1st period - Nazem Kadri is hit by Milan Lucic.
4:02 of 1st period - Minor Penalty to Chris Bourque for Holding.
4:03 of 1st period - Nazem Kadri wins face-off versus Milan Lucic in Rangers zone.
4:18 of 1st period - Snap shot by Milan Lucic.
4:18 of 1st period - Stopped by Maxime Daigneault without a rebound.
4:19 of 1st period - Milan Lucic wins face-off versus Nazem Kadri in Coyotes zone.
4:30 of 1st period - Snap shot by Nazem Kadri.
4:30 of 1st period - Stopped by Frederik Andersen with a rebound.
4:32 of 1st period - Slapshot by Tyler Ennis.
4:32 of 1st period - Deflect By Patrice Bergeron.
4:32 of 1st period - Stopped by Frederik Andersen with a rebound.
4:34 of 1st period - Wrist shot by Kristopher Letang.
4:34 of 1st period - Goal by Kristopher Letang - Coyotes : 1 - Rangers : 0.
4:35 of 1st period - Nazem Kadri wins face-off versus Patrice Bergeron in neutral zone.
6:11 of 1st period - Snap shot by Milan Lucic.
6:11 of 1st period - Shot Misses the Net.
6:13 of 1st period - Snap shot by Milan Lucic.
6:13 of 1st period - Shot Misses the Net.
6:15 of 1st period - Snap shot by Milan Lucic.
6:15 of 1st period - Shot Misses the Net.
6:26 of 1st period - Off-side.
6:27 of 1st period - Jamie Arniel wins face-off versus Kyle Okposo in neutral zone.
6:48 of 1st period - Minor Penalty to Evgeny Artyukhin for Holding.
6:49 of 1st period - Patrice Bergeron wins face-off versus Tyler Ennis in Coyotes zone.
6:54 of 1st period - Snap shot by Patrice Bergeron.
6:54 of 1st period - Stopped by Maxime Daigneault without a rebound.
6:55 of 1st period - Patrice Bergeron wins face-off versus Tyler Ennis in Coyotes zone.
8:07 of 1st period - Snap shot by Nazem Kadri.
8:07 of 1st period - Stopped by Frederik Andersen without a rebound.
8:08 of 1st period - Sean Couturier wins face-off versus Zach Parise in Rangers zone.
8:48 of 1st period - Penalty to Evgeny Artyukhin is over, Evgeny Artyukhin is back on ice.
10:37 of 1st period - Wrist shot by Sean Couturier.
10:37 of 1st period - Stopped by Maxime Daigneault with a rebound.
10:39 of 1st period - Snap shot by Milan Lucic.
10:39 of 1st period - Stopped by Maxime Daigneault without a rebound.
10:40 of 1st period - Patrice Bergeron wins face-off versus Marian Gaborik in Coyotes zone.
10:43 of 1st period - Snap shot by Milan Lucic.
10:43 of 1st period - Shot Misses the Net.
11:16 of 1st period - Backhand shot by Matt Read.
11:16 of 1st period - Stopped by Maxime Daigneault with a rebound.
11:18 of 1st period - Slapshot by Matt Greene.
11:18 of 1st period - Shot Blocked by Michael Del Zotto.
11:20 of 1st period - Slapshot by Matt Greene.
11:20 of 1st period - Deflect By James Neal.
11:20 of 1st period - Goal by James Neal - Coyotes : 1 - Rangers : 1.
11:21 of 1st period - Patrice Bergeron wins face-off versus Nazem Kadri in neutral zone.
11:24 of 1st period - Marian Gaborik is hit by Patrice Bergeron and loses puck.
11:33 of 1st period - Slapshot by Milan Lucic.
11:33 of 1st period - Stopped by Maxime Daigneault without a rebound.
11:34 of 1st period - Patrice Bergeron wins face-off versus Nazem Kadri in Coyotes zone.
11:34 of 1st period - Patrice Bergeron is hit by Marian Gaborik.
11:39 of 1st period - Minor Penalty to Anton Stralman for High sticking.
11:40 of 1st period - Patrice Bergeron wins face-off versus Tyler Ennis in Coyotes zone.
13:03 of 1st period - Jakob Silfverberg is hit by Thomas Hickey and loses puck.
13:39 of 1st period - Penalty to Anton Stralman is over, Anton Stralman is back on ice.
13:46 of 1st period - Wrist shot by Chris Stewart.
13:46 of 1st period - Goal by Chris Stewart - Coyotes : 2 - Rangers : 1.
13:47 of 1st period - Nazem Kadri wins face-off versus Maxime Sauvé in neutral zone.
13:54 of 1st period - Wrist shot by Maxime Sauvé.
13:54 of 1st period - Goal by Maxime Sauvé - Coyotes : 2 - Rangers : 2.
13:55 of 1st period - Patrice Bergeron wins face-off versus Nazem Kadri in neutral zone.
14:00 of 1st period - Snap shot by Milan Lucic.
14:00 of 1st period - Shot Misses the Net.
14:33 of 1st period - Slapshot by James Neal.
14:33 of 1st period - Shot Misses the Net.
14:35 of 1st period - Minor Penalty to Zach Parise for Slashing.
14:36 of 1st period - Tyler Ennis wins face-off versus Patrice Bergeron in Coyotes zone.
14:36 of 1st period - Tyler Ennis is hit by Milan Lucic.
15:43 of 1st period - Marian Gaborik is hit by Patrice Bergeron and loses puck.
16:06 of 1st period - Brad Richards is hit by Matt Greene.
16:35 of 1st period - Penalty to Zach Parise is over, Zach Parise is back on ice.
16:43 of 1st period - Slapshot by Kristopher Letang.
16:43 of 1st period - Shot Blocked by Steve Quailer.
16:45 of 1st period - Snap shot by Chris Stewart.
16:45 of 1st period - Stopped by Frederik Andersen without a rebound.
16:46 of 1st period - Maxime Sauvé wins face-off versus Brad Richards in Rangers zone.
17:12 of 1st period - Thomas Hickey is hit by Kyle Okposo.
17:36 of 1st period - Wrist shot by Sean Couturier.
17:36 of 1st period - Shot Misses the Net.
19:15 of 1st period - Snap shot by Matt Read.
19:15 of 1st period - Shot Blocked by Matt Donovan.
19:47 of 1st period - Slapshot by Steve Quailer.
19:47 of 1st period - Shot Blocked by Mike Weber.
Goals for this period are 2 for Coyotes vs 2 for Rangers.
Shots for this period are 8 for Coyotes vs 10 for Rangers.
2nd period
0:01 of 2nd period - Nazem Kadri wins face-off versus Patrice Bergeron in neutral zone.
0:05 of 2nd period - Off-side.
0:06 of 2nd period - Patrice Bergeron wins face-off versus Nazem Kadri in neutral zone.
0:09 of 2nd period - Anton Stralman is hit by Patrice Bergeron and loses puck.
0:18 of 2nd period - Wrist shot by Nazem Kadri.
0:18 of 2nd period - Shot Blocked by Matt Greene.
0:20 of 2nd period - Slapshot by Anton Stralman.
0:20 of 2nd period - Stopped by Frederik Andersen without a rebound.
0:21 of 2nd period - Nazem Kadri wins face-off versus Patrice Bergeron in Rangers zone.
0:26 of 2nd period - Snap shot by Tyler Ennis.
0:26 of 2nd period - Stopped by Frederik Andersen without a rebound.
0:27 of 2nd period - Patrice Bergeron wins face-off versus Marian Gaborik in Rangers zone.
0:50 of 2nd period - Slapshot by Kristopher Letang.
0:50 of 2nd period - Stopped by Frederik Andersen without a rebound.
0:51 of 2nd period - Chris Stewart wins face-off versus Sean Couturier in Rangers zone.
1:04 of 2nd period - Snap shot by Zach Parise.
1:04 of 2nd period - Stopped by Frederik Andersen with a rebound.
1:06 of 2nd period - Snap shot by Michael Del Zotto.
1:06 of 2nd period - Stopped by Frederik Andersen with a rebound.
1:08 of 2nd period - Wrist shot by Brad Richards.
1:08 of 2nd period - Goal by Brad Richards - Coyotes : 3 - Rangers : 2.
1:09 of 2nd period - Patrice Bergeron wins face-off versus Nazem Kadri in neutral zone.
1:58 of 2nd period - Icing by Sean Couturier.
1:59 of 2nd period - Kyle Okposo wins face-off versus Jamie Arniel in Rangers zone.
2:09 of 2nd period - Off-side.
2:10 of 2nd period - Patrice Bergeron wins face-off versus Nazem Kadri in neutral zone.
2:16 of 2nd period - Snap shot by Milan Lucic.
2:16 of 2nd period - Stopped by Maxime Daigneault without a rebound.
2:17 of 2nd period - Nazem Kadri wins face-off versus Patrice Bergeron in Coyotes zone.
2:17 of 2nd period - Nazem Kadri is hit by Jakob Silfverberg.
2:33 of 2nd period - Snap shot by Jakob Silfverberg.
2:33 of 2nd period - Stopped by Maxime Daigneault without a rebound.
2:34 of 2nd period - Brad Richards wins face-off versus Tomas Hertl in Coyotes zone.
3:07 of 2nd period - Wrist shot by Marian Gaborik.
3:07 of 2nd period - Shot Misses the Net.
3:55 of 2nd period - Backhand shot by James Neal.
3:55 of 2nd period - Shot Misses the Net.
3:57 of 2nd period - Slapshot by Mark Fistric.
3:57 of 2nd period - Shot Blocked by Martin Samuelsson.
4:17 of 2nd period - Wrist shot by Magnus Paajarvi-Svensson.
4:17 of 2nd period - Shot Misses the Net.
4:57 of 2nd period - Snap shot by Patrice Bergeron.
4:57 of 2nd period - Deflect By Milan Lucic.
4:57 of 2nd period - Stopped by Maxime Daigneault without a rebound.
4:58 of 2nd period - Brad Richards wins face-off versus Patrice Bergeron in Coyotes zone.
4:58 of 2nd period - Brad Richards is hit by Milan Lucic.
5:23 of 2nd period - Kristopher Letang is hit by James Neal and loses puck.
5:39 of 2nd period - Tyler Ennis is hit by Matt Read and loses puck.
6:04 of 2nd period - Snap shot by Chris Stewart.
6:04 of 2nd period - Shot Misses the Net.
6:28 of 2nd period - Wrist shot by Zach Parise.
6:28 of 2nd period - Shot Misses the Net.
6:40 of 2nd period - Jamie Arniel is hit by Sean Couturier.
7:14 of 2nd period - Snap shot by Jakob Silfverberg.
7:14 of 2nd period - Shot Blocked by Mike Weber.
7:16 of 2nd period - Snap shot by Milan Lucic.
7:16 of 2nd period - Shot Misses the Net.
7:18 of 2nd period - Backhand shot by Mark Fistric.
7:18 of 2nd period - Stopped by Maxime Daigneault with a rebound.
7:20 of 2nd period - Slapshot by Mark Fistric.
7:20 of 2nd period - Shot Misses the Net.
7:22 of 2nd period - Slapshot by Patrice Bergeron.
7:22 of 2nd period - Stopped by Maxime Daigneault with a rebound.
7:24 of 2nd period - Wrist shot by Patrice Bergeron.
7:24 of 2nd period - Stopped by Maxime Daigneault with a rebound.
8:05 of 2nd period - Off-side.
8:06 of 2nd period - Tyler Ennis wins face-off versus Kyle Okposo in neutral zone.
8:11 of 2nd period - Snap shot by Marian Gaborik.
8:11 of 2nd period - Stopped by Frederik Andersen with a rebound.
8:45 of 2nd period - Evgeny Artyukhin is hit by Milan Lucic and loses puck.
9:17 of 2nd period - Off-side.
9:18 of 2nd period - Maxime Sauvé wins face-off versus Brad Richards in neutral zone.
10:33 of 2nd period - Patrik Nemeth is hit by Kristopher Letang and loses puck.
11:16 of 2nd period - Wrist shot by Magnus Paajarvi-Svensson.
11:16 of 2nd period - Stopped by Maxime Daigneault without a rebound.
11:17 of 2nd period - Brad Richards wins face-off versus Sean Couturier in Coyotes zone.
11:55 of 2nd period - Snap shot by Patrice Bergeron.
11:55 of 2nd period - Shot Misses the Net.
12:30 of 2nd period - Wrist shot by Chris Stewart.
12:30 of 2nd period - Shot Misses the Net.
12:40 of 2nd period - Snap shot by James Neal.
12:40 of 2nd period - Deflect By Sean Couturier.
12:40 of 2nd period - Shot Misses the Net.
12:40 of 2nd period - Puck is out of play.
12:41 of 2nd period - Sean Couturier wins face-off versus Tyler Ennis in Coyotes zone.
12:42 of 2nd period - Wrist shot by James Neal.
12:42 of 2nd period - Shot Misses the Net.
12:48 of 2nd period - Snap shot by Josh Gorges.
12:48 of 2nd period - Shot Blocked by Tomas Hertl.
12:50 of 2nd period - Snap shot by Ramzi Abid.
12:50 of 2nd period - Stopped by Frederik Andersen with a rebound.
12:52 of 2nd period - Snap shot by Marian Gaborik.
12:52 of 2nd period - Shot Blocked by Patrik Nemeth.
14:11 of 2nd period - Icing by Mike Weber.
14:12 of 2nd period - Sean Couturier wins face-off versus Brad Richards in Coyotes zone.
14:19 of 2nd period - Wrist shot by Chris Stewart.
14:19 of 2nd period - Shot Misses the Net.
14:23 of 2nd period - Wrist shot by Zach Parise.
14:23 of 2nd period - Shot Blocked by Tomas Hertl.
14:55 of 2nd period - Slapshot by Luke Schenn.
14:55 of 2nd period - Shot Misses the Net.
15:19 of 2nd period - Snap shot by Sean Couturier.
15:19 of 2nd period - Goal by Sean Couturier - Coyotes : 3 - Rangers : 3.
15:20 of 2nd period - Patrice Bergeron wins face-off versus Nazem Kadri in neutral zone.
15:40 of 2nd period - Minor Penalty to Marian Gaborik for High sticking.
15:41 of 2nd period - Tyler Ennis wins face-off versus Patrice Bergeron in Coyotes zone.
16:20 of 2nd period - Off-side.
16:21 of 2nd period - Brad Richards wins face-off versus Patrice Bergeron in neutral zone.
16:24 of 2nd period - Snap shot by Michael Del Zotto.
16:24 of 2nd period - Stopped by Frederik Andersen with a rebound.
17:40 of 2nd period - Penalty to Marian Gaborik is over, Marian Gaborik is back on ice.
17:58 of 2nd period - Minor Penalty to Steve Quailer for Boarding.
17:59 of 2nd period - Nazem Kadri wins face-off versus Milan Lucic in Rangers zone.
18:48 of 2nd period - Minor Penalty to Matt Greene for Holding.
18:49 of 2nd period - Milan Lucic wins face-off versus Nazem Kadri in Rangers zone.
19:58 of 2nd period - Penalty to Steve Quailer is over, Steve Quailer is back on ice.
Goals for this period are 1 for Coyotes vs 1 for Rangers.
Shots for this period are 9 for Coyotes vs 8 for Rangers.
3rd period
0:01 of 3rd period - Nazem Kadri wins face-off versus Milan Lucic in neutral zone.
0:03 of 3rd period - Minor Penalty to Nazem Kadri for Roughing.
0:04 of 3rd period - Milan Lucic wins face-off versus Tyler Ennis in Coyotes zone.
0:04 of 3rd period - Snap shot by Patrice Bergeron.
0:04 of 3rd period - Shot Blocked by Anton Stralman.
0:06 of 3rd period - Snap shot by Cam Barker.
0:06 of 3rd period - Shot Misses the Net.
0:08 of 3rd period - Snap shot by Patrice Bergeron.
0:08 of 3rd period - Shot Misses the Net.
0:10 of 3rd period - Wrist shot by Patrice Bergeron.
0:10 of 3rd period - Deflect By Tyler Ennis.
0:10 of 3rd period - Shot Blocked by Kristopher Letang.
0:10 of 3rd period - Puck is out of play.
0:11 of 3rd period - Tyler Ennis wins face-off versus Milan Lucic in Coyotes zone.
0:48 of 3rd period - Penalty to Matt Greene is over, Matt Greene is back on ice.
1:35 of 3rd period - Snap shot by Milan Lucic.
1:35 of 3rd period - Deflect By Matt Greene.
1:35 of 3rd period - Shot Blocked by Martin Samuelsson.
1:35 of 3rd period - Puck is out of play.
1:36 of 3rd period - Tyler Ennis wins face-off versus Sean Couturier in Coyotes zone.
1:38 of 3rd period - Minor Penalty to Marian Gaborik for Holding.
1:39 of 3rd period - Tyler Ennis wins face-off versus Sean Couturier in Coyotes zone.
1:39 of 3rd period - Tyler Ennis is hit by Kyle Okposo.
1:44 of 3rd period - Slapshot by Anton Stralman.
1:44 of 3rd period - Deflect By Tyler Ennis.
1:44 of 3rd period - Shot Blocked by Sean Couturier.
1:44 of 3rd period - Puck is out of play.
1:45 of 3rd period - Tyler Ennis wins face-off versus Sean Couturier in Rangers zone.
1:46 of 3rd period - Snap shot by Kristopher Letang.
1:46 of 3rd period - Stopped by Frederik Andersen with a rebound.
1:52 of 3rd period - Slapshot by Matt Greene.
1:52 of 3rd period - Shot Misses the Net.
1:54 of 3rd period - Slapshot by James Neal.
1:54 of 3rd period - Shot Misses the Net.
2:03 of 3rd period - Penalty to Nazem Kadri is over, Nazem Kadri is back on ice.
3:38 of 3rd period - Penalty to Marian Gaborik is over, Marian Gaborik is back on ice.
3:42 of 3rd period - Marian Gaborik is hit by James Neal and loses puck.
3:59 of 3rd period - Minor Penalty to Steve Quailer for Interference.
4:00 of 3rd period - Nazem Kadri wins face-off versus Milan Lucic in Rangers zone.
4:05 of 3rd period - Wrist shot by Tyler Ennis.
4:05 of 3rd period - Shot Blocked by Cam Barker.
5:36 of 3rd period - Jamie Arniel is hit by Kyle Okposo and loses puck.
5:59 of 3rd period - Penalty to Steve Quailer is over, Steve Quailer is back on ice.
6:14 of 3rd period - Snap shot by Steve Quailer.
6:14 of 3rd period - Stopped by Maxime Daigneault with a rebound.
6:24 of 3rd period - Wrist shot by James Neal.
6:24 of 3rd period - Shot Misses the Net.
6:26 of 3rd period - Wrist shot by Patrik Nemeth.
6:26 of 3rd period - Stopped by Maxime Daigneault with a rebound.
6:28 of 3rd period - Slapshot by Patrik Nemeth.
6:28 of 3rd period - Deflect By Michael Del Zotto.
6:28 of 3rd period - Stopped by Maxime Daigneault without a rebound.
6:29 of 3rd period - Jamie Arniel wins face-off versus Kyle Okposo in Coyotes zone.
6:36 of 3rd period - Slapshot by Anton Stralman.
6:36 of 3rd period - Shot Misses the Net.
6:40 of 3rd period - Snap shot by Jamie Arniel.
6:40 of 3rd period - Stopped by Frederik Andersen with a rebound.
6:42 of 3rd period - Snap shot by Jamie Arniel.
6:42 of 3rd period - Stopped by Frederik Andersen without a rebound.
6:43 of 3rd period - Brad Richards wins face-off versus Patrice Bergeron in Rangers zone.
6:46 of 3rd period - Snap shot by Zach Parise.
6:46 of 3rd period - Shot Misses the Net.
6:58 of 3rd period - Slapshot by Milan Lucic.
6:58 of 3rd period - Stopped by Maxime Daigneault without a rebound.
6:59 of 3rd period - Tyler Ennis wins face-off versus Sean Couturier in Coyotes zone.
6:59 of 3rd period - Tyler Ennis is hit by James Neal.
7:15 of 3rd period - Cam Barker is hit by Marian Gaborik and loses puck.
7:22 of 3rd period - Minor Penalty to Tomas Hertl for High sticking.
7:23 of 3rd period - Milan Lucic wins face-off versus Nazem Kadri in Rangers zone.
7:38 of 3rd period - Slapshot by Tyler Ennis.
7:38 of 3rd period - Stopped by Frederik Andersen without a rebound.
7:39 of 3rd period - Milan Lucic wins face-off versus Nazem Kadri in Rangers zone.
9:00 of 3rd period - Michael Del Zotto is hit by Chris Bourque and loses puck.
9:22 of 3rd period - Penalty to Tomas Hertl is over, Tomas Hertl is back on ice.
9:30 of 3rd period - Matt Greene is hit by Jamie Arniel.
10:31 of 3rd period - Snap shot by Jamie Arniel.
10:31 of 3rd period - Shot Misses the Net.
10:33 of 3rd period - Backhand shot by Jamie Arniel.
10:33 of 3rd period - Stopped by Frederik Andersen with a rebound.
10:35 of 3rd period - Slapshot by Jamie Arniel.
10:35 of 3rd period - Goal by Jamie Arniel - Coyotes : 4 - Rangers : 3.
10:36 of 3rd period - Nazem Kadri wins face-off versus Patrice Bergeron in neutral zone.
10:41 of 3rd period - Luke Schenn is hit by Nazem Kadri and loses puck.
10:48 of 3rd period - Snap shot by Nazem Kadri.
10:48 of 3rd period - Shot Misses the Net.
10:50 of 3rd period - Snap shot by Tyler Ennis.
10:50 of 3rd period - Stopped by Frederik Andersen with a rebound.
10:52 of 3rd period - Snap shot by Nazem Kadri.
10:52 of 3rd period - Deflect By Tyler Ennis.
10:52 of 3rd period - Shot Misses the Net.
10:52 of 3rd period - Puck is out of play.
10:53 of 3rd period - Brad Richards wins face-off versus Sean Couturier in Rangers zone.
10:58 of 3rd period - Wrist shot by Brad Richards.
10:58 of 3rd period - Shot Blocked by Luke Schenn.
11:00 of 3rd period - Slapshot by Josh Gorges.
11:00 of 3rd period - Shot Blocked by Cam Barker.
11:25 of 3rd period - Snap shot by Marian Gaborik.
11:25 of 3rd period - Stopped by Frederik Andersen without a rebound.
11:26 of 3rd period - Patrice Bergeron wins face-off versus Nazem Kadri in Rangers zone.
11:26 of 3rd period - Patrice Bergeron is hit by Tyler Ennis.
11:33 of 3rd period - Minor Penalty to Marian Gaborik for Tripping.
11:34 of 3rd period - Tyler Ennis wins face-off versus Patrice Bergeron in Coyotes zone.
11:41 of 3rd period - Off-side.
11:42 of 3rd period - Patrice Bergeron wins face-off versus Tyler Ennis in neutral zone.
12:12 of 3rd period - Sean Couturier is hit by Martin Samuelsson and loses puck.
13:33 of 3rd period - Penalty to Marian Gaborik is over, Marian Gaborik is back on ice.
13:40 of 3rd period - Slapshot by Chris Stewart.
13:40 of 3rd period - Shot Blocked by Maxime Sauvé.
13:42 of 3rd period - Snap shot by Chris Stewart.
13:42 of 3rd period - Deflect By Zach Parise.
13:42 of 3rd period - Stopped by Frederik Andersen with a rebound.
14:31 of 3rd period - Chris Stewart is hit by Milan Lucic and loses puck.
14:53 of 3rd period - Icing by Sean Couturier.
14:54 of 3rd period - Sean Couturier wins face-off versus Jamie Arniel in Rangers zone.
15:00 of 3rd period - Icing by Maxime Sauvé.
15:01 of 3rd period - Tyler Ennis wins face-off versus Maxime Sauvé in Rangers zone.
15:18 of 3rd period - Wrist shot by Marian Gaborik.
15:18 of 3rd period - Stopped by Frederik Andersen without a rebound.
15:19 of 3rd period - Jamie Arniel wins face-off versus Matt Read in Rangers zone.
15:22 of 3rd period - Slapshot by Evgeny Artyukhin.
15:22 of 3rd period - Shot Misses the Net.
15:44 of 3rd period - Marian Gaborik is hit by Patrice Bergeron and loses puck.
15:56 of 3rd period - Minor Penalty to Patrice Bergeron for Cross-checking.
15:57 of 3rd period - Nazem Kadri wins face-off versus Milan Lucic in Rangers zone.
17:32 of 3rd period - Chris Bourque is hit by Marian Gaborik and loses puck.
17:56 of 3rd period - Penalty to Patrice Bergeron is over, Patrice Bergeron is back on ice.
18:07 of 3rd period - Wrist shot by Patrice Bergeron.
18:07 of 3rd period - Shot Misses the Net.
18:31 of 3rd period - Minor Penalty to Milan Lucic for Hooking.
18:32 of 3rd period - Steve Quailer wins face-off versus Nazem Kadri in Rangers zone.
18:47 of 3rd period - Slapshot by Tyler Ennis.
18:47 of 3rd period - Stopped by Frederik Andersen without a rebound.
18:48 of 3rd period - Michel Therrien call a timeout for Rangers.
18:48 of 3rd period - Steve Quailer wins face-off versus Nazem Kadri in Rangers zone.
18:56 of 3rd period - Off-side.
18:57 of 3rd period - Steve Quailer wins face-off versus Nazem Kadri in neutral zone.
19:20 of 3rd period - Wrist shot by Marian Gaborik.
19:20 of 3rd period - Stopped by Frederik Andersen with a rebound.
19:22 of 3rd period - Slapshot by Anton Stralman.
19:22 of 3rd period - Stopped by Frederik Andersen with a rebound.
19:24 of 3rd period - Slapshot by Kristopher Letang.
19:24 of 3rd period - Shot Blocked by Luke Schenn.
19:26 of 3rd period - Snap shot by Tyler Ennis.
19:26 of 3rd period - Deflect By Nazem Kadri.
19:26 of 3rd period - Shot Misses the Net.
19:26 of 3rd period - Puck is out of play.
19:27 of 3rd period - Steve Quailer wins face-off versus Brad Richards in Rangers zone.
Goals for this period are 1 for Coyotes vs 0 for Rangers.
Shots for this period are 13 for Coyotes vs 4 for Rangers.
Back to the Top